Map: Habitation Station LE (Void)

Players

Warchief - Winner!

  • Race: Protoss Protoss
  • League: Gold
  • Spawn Location: 11:00

Fropez

  • Race: Protoss Protoss
  • League: Gold
  • Spawn Location: 1:00

VOD

Have the link to the VOD?

Description

Time

  • Played on: Jan. 9, 2017, 7:23 p.m.
  • Length: 16:15
Show
View Real Time Build Order
Export as new Build Order

Warchief Protoss - Winner!

Build Orders: Oracle Opening 

Get SALT Encoding   

  12  0:01  Probe (Chrono Boost)  
  13  0:11  Probe (Chrono Boost)  
  14  0:17  Pylon  
  14  0:22  Probe (Chrono Boost)  
  16  0:35  Probe (Chrono Boost)  
  16  0:37  Gateway  
  16  0:43  Assimilator  
  16  0:46  Probe (Chrono Boost)  
  17  0:56  Probe (Chrono Boost)  
  18  0:59  Pylon  
  18  1:07  Probe (Chrono Boost)  
  19  1:13  Assimilator  
  19  1:21  Probe (Chrono Boost)  
  19  1:24  Cybernetics Core  
  20  1:34  Probe (Chrono Boost)  
  21  1:45  Probe (Chrono Boost)  
  22  1:55  Probe (Chrono Boost)  
  23  2:03  Nexus  
  23  2:05  Warp Gate  
  23  2:15  Probe (Chrono Boost)  
  24  2:18  Adept  
  27  2:31  Gateway  
  28  2:39  Mothership Core (Chrono Boost)  
  28  2:51  Pylon  
  28  2:54  Pylon  
  28  3:05  Stargate  
  28  3:06  Adept  
  30  3:17  Forge  
  30  3:23  Pylon  
  31  3:27  Probe (Chrono Boost)  
  31  3:28  Probe (Chrono Boost)  
  32  3:44  Oracle  
  32  3:46  Probe (Chrono Boost)  
  32  3:47  Probe (Chrono Boost)  
  34  3:50  Protoss Ground Weapons Level 1  
  37  3:56  Probe (Chrono Boost)  
  37  3:59  Probe (Chrono Boost)  
  37  4:10  Adept x2  
  41  4:19  Probe (Chrono Boost)  
  41  4:22  Probe (Chrono Boost)  
  43  4:29  Probe (Chrono Boost), Assimilator  
  44  4:34  Probe (Chrono Boost), Assimilator, Gateway  
  45  4:39  Pylon  
  45  4:40  Probe (Chrono Boost)  
  46  4:49  Adept x2  
  50  5:19  Stalker x2  
  53  5:21  Probe (Chrono Boost)  
  53  5:23  Probe (Chrono Boost)  
  54  5:32  Probe (Chrono Boost), Robotics Facility  
  54  5:35  Probe (Chrono Boost)  
  56  5:36  Pylon  
  56  5:37  Protoss Ground Armor Level 1  
  56  5:39  Adept  
  56  5:40  Twilight Council, Pylon  
  59  5:42  Probe (Chrono Boost)  
  59  5:45  Pylon  
  59  5:47  Probe (Chrono Boost)  
  59  5:48  Photon Cannon  
  60  5:53  Probe (Chrono Boost)  
  61  5:59  Probe (Chrono Boost)  
  61  6:03  Adept, Probe (Chrono Boost)  
  61  6:04  Adept x2  
  65  6:48  Adept x3  
  71  6:56  Warp Prism  
  73  7:04  Resonating Glaives  
  73  7:13  Adept x3  
  79  7:16  Protoss Shields Level 1  
  79  7:36  Robotics Bay  
  79  7:41  Nexus  
  79  7:43  Stalker x2  
  79  7:44  Stalker  
  75  8:15  Adept x3  
  69  8:27  Observer Gravitic Boosters  
  69  8:33  Probe (Chrono Boost)  
  70  8:40  Adept x3  
  71  8:45  Probe (Chrono Boost)  
  66  8:57  Probe (Chrono Boost)  
  63  9:10  Probe x2 (Chrono Boost)  
  63  9:11  Immortal  
  67  9:22  Probe x2 (Chrono Boost)  
  69  9:34  Probe x2 (Chrono Boost)  
  69  9:44  Probe (Chrono Boost)  
  69  9:45  Probe (Chrono Boost)  
  71  9:51  Immortal  
  75  9:54  Pylon  
  75  9:55  Probe x2 (Chrono Boost)  
  77  10:05  Probe (Chrono Boost)  
  77  10:06  Probe (Chrono Boost)  
  65  10:16  Probe x2 (Chrono Boost)  
  65  10:20  Adept x2  
  65  10:21  Adept  
  60  10:41  Adept x3  
  66  10:45  Probe (Chrono Boost)  
  67  10:53  Photon Cannon  
  67  10:55  Probe (Chrono Boost)  
  68  11:06  Probe (Chrono Boost)  
  57  11:14  Stalker x3  
  57  11:16  Probe (Chrono Boost)  
  44  11:44  Adept x3  
  30  11:58  Warp Prism  
  31  12:15  Adept x3  
  29  12:20  Probe (Chrono Boost)  
  29  12:25  Probe (Chrono Boost)  
  30  12:30  Probe (Chrono Boost)  
  30  12:35  Probe (Chrono Boost)  
  31  12:37  Nexus  
  30  12:46  Probe (Chrono Boost)  
  31  12:56  Probe (Chrono Boost)  
  31  13:01  Adept x3  
  37  13:07  Probe (Chrono Boost)  
  38  13:17  Probe (Chrono Boost)  
  39  13:22  Adept x3  
  45  13:28  Probe (Chrono Boost)  
  39  14:05  Probe (Chrono Boost)  
  40  14:13  Colossus  
  40  14:15  Probe (Chrono Boost)  
  47  14:26  Probe (Chrono Boost)  
  47  14:30  Photon Cannon  
  48  14:36  Probe (Chrono Boost)  
  49  14:47  Probe (Chrono Boost)  
  45  15:19  Stalker x3  
  51  15:31  Nexus  
  51  15:32  Pylon  
  43  15:44  Adept x3  
Show
View Real Time Build Order
Export as new Build Order

Fropez Protoss 

Build Orders: 1 Gate Expand 

Get SALT Encoding   

  12  0:01  Probe (Chrono Boost)  
  13  0:11  Probe (Chrono Boost)  
  14  0:22  Pylon, Probe (Chrono Boost)  
  14  0:28  Assimilator  
  15  0:40  Probe (Chrono Boost)  
  16  0:43  Gateway  
  16  0:50  Probe (Chrono Boost)  
  17  1:01  Probe (Chrono Boost)  
  18  1:12  Probe (Chrono Boost)  
  19  1:24  Nexus  
  19  1:33  Probe (Chrono Boost)  
  19  1:36  Pylon  
  20  1:45  Cybernetics Core  
  20  1:54  Cybernetics Core  
  20  2:01  Probe (Chrono Boost)  
  20  2:04  Gateway  
  21  2:12  Probe (Chrono Boost)  
  21  2:15  Assimilator  
  22  2:21  Warp Gate  
  23  2:22  Probe (Chrono Boost)  
  23  2:35  Mothership Core (Chrono Boost)  
  23  2:36  Adept  
  27  2:38  Probe (Chrono Boost)  
  28  2:48  Probe (Chrono Boost)  
  29  2:53  Adept  
  29  2:54  Probe (Chrono Boost)  
  32  3:05  Probe (Chrono Boost)  
  33  3:06  Pylon  
  33  3:08  Adept  
  35  3:16  Pylon  
  35  3:18  Probe (Chrono Boost)  
  37  3:20  Adept, Probe (Chrono Boost)  
  39  3:34  Robotics Facility  
  39  3:36  Probe (Chrono Boost)  
  39  3:38  Probe (Chrono Boost)  
  39  3:40  Adept  
  43  3:46  Probe (Chrono Boost)  
  44  3:51  Probe (Chrono Boost)  
  44  3:53  Assimilator  
  45  3:57  Probe (Chrono Boost)  
  44  4:13  Probe (Chrono Boost)  
  44  4:14  Probe (Chrono Boost)  
  44  4:22  Observer  
  44  4:23  Probe (Chrono Boost)  
  44  4:26  Probe (Chrono Boost), Assimilator, Gateway  
  44  4:27  Gateway  
  45  4:34  Probe (Chrono Boost)  
  45  4:35  Adept x2  
  51  4:38  Probe (Chrono Boost)  
  51  4:44  Probe (Chrono Boost)  
  49  4:49  Pylon  
  49  4:51  Probe (Chrono Boost)  
  39  5:06  Stalker x2  
  36  5:16  Probe (Chrono Boost)  
  36  5:18  Probe (Chrono Boost)  
  37  5:28  Adept  
  37  5:30  Nexus  
  37  5:32  Adept  
  37  5:33  Adept  
  42  5:38  Pylon  
  42  5:40  Probe (Chrono Boost)  
  43  5:47  Pylon  
  44  5:54  Adept x3  
  48  6:05  Adept  
  50  6:21  Adept x3  
  52  6:36  Stalker  
  50  6:45  Probe x2 (Chrono Boost)  
  50  6:46  Probe (Chrono Boost)  
  53  6:50  Warp Prism  
  55  6:54  Adept x2, Pylon  
  59  7:07  Adept x2  
  63  7:11  Probe (Chrono Boost)  
  63  7:12  Probe (Chrono Boost)  
  63  7:13  Probe (Chrono Boost)  
  66  7:21  Probe (Chrono Boost)  
  66  7:22  Probe (Chrono Boost)  
  68  7:24  Adept  
  68  7:26  Adept  
  72  7:33  Probe (Chrono Boost)  
  73  7:40  Forge  
  74  7:44  Probe (Chrono Boost)  
  74  8:13  Protoss Ground Weapons Level 1  
  74  8:15  Forge  
  74  8:16  Gateway  
  74  8:18  Pylon  
  62  8:20  Pylon  
  58  8:30  Adept x3  
  58  8:31  Adept  
  56  8:51  Stalker x4  
  58  8:58  Twilight Council  
  58  9:01  Protoss Shields Level 1  
  58  9:07  Probe (Chrono Boost)  
  58  9:09  Probe (Chrono Boost)  
  60  9:18  Pylon x2  
  60  9:19  Adept  
  60  9:21  Pylon  
  61  9:28  Adept x2  
  62  9:49  Adept x2  
  62  9:50  Adept x3  
  59  10:12  Adept x3  
  59  10:13  Adept x2  
  51  10:37  Stalker x3  
  51  10:38  Stalker x2  
  59  11:11  Adept x5  
  69  11:20  Mothership Core (Chrono Boost)  
  61  11:32  Zealot x4  
  61  11:33  Zealot  
  51  11:53  Robotics Facility  
  43  12:20  Adept x2  
  43  12:21  Adept x2  
  49  12:24  Resonating Glaives  
  49  12:28  Pylon, Photon Cannon  
  47  12:35  Probe x2 (Chrono Boost)  
  47  12:36  Probe (Chrono Boost)  
  48  12:50  Adept x2  
  50  12:51  Adept  
  52  13:04  Adept  
  54  13:11  Pylon  
  50  13:12  Gateway  
  50  13:17  Stalker  
  50  13:19  Photon Cannon  
  46  13:27  Stalker  
  43  13:52  Adept x2  
  37  14:09  Probe x2 (Chrono Boost)  
  39  14:22  Probe (Chrono Boost)  
  40  15:08  Adept  
  40  15:09  Adept x2  
  42  15:24  Pylon  
  42  15:30  Pylon  
  22  15:52  Adept  
  25  15:58  Probe (Chrono Boost)  
Tags
 
Add a new tag
Caveats
  • Supply blocks, unpowered buildings, or Contaminate may cause inaccurate times.
  • Supply counts are checked every 10 seconds.